[Event "Titled Tuesday Blitz April 25 Late 2023"]
[White "Tarlabasi, Emirhan"]
[Black "Womacka, Mathias"]
[WhiteFideId "6350275"]
[BlackFideId "4611390"]
[WhiteElo "2200"]
[BlackElo "2377"]
[Result "0-1"]
[Round "05"]
[TimeControl "180+2"]
[Date "2023.04.25"]
[WhiteClock "0:00:20"]
[BlackClock "0:01:20"]

1. d4 Nf6 2. Nf3 e6 3. Bf4 c5 4. e3 d5 5. Nbd2 Bd6 6. Bg3 O-O 7. c3 Qc7 8. Bd3 Nbd7 9. O-O b6 10. Qe2 Bb7 11. Rad1 e5 12. dxe5 Nxe5 13. Nxe5 Bxe5 14. Bxe5 Qxe5 15. Nf3 Qe7 16. Ba6 Bc6 17. Bb5 Bb7 18. Ba6 Bc6 19. h3 Rad8 20. Rfe1 Ne4 21. c4 dxc4 22. Bxc4 Qf6 23. Rxd8 Rxd8 24. Rd1 Rxd1+ 25. Qxd1 g6 26. Qb3 Kg7 27. Bxf7 Nxf2 28. Kxf2 Bxf3 29. gxf3 Qxf7 30. Qxf7+ Kxf7 31. f4 Kf6 32. e4 g5 33. f5 Ke5 34. a4 a6 35. Kf3 h5 36. Ke3 b5 37. a5 c4 38. Kd2 b4 39. Ke3 g4 40. hxg4 hxg4 41. Ke2 c3 42. bxc3 bxc3 43. Kd3 g3 44. Kxc3 g2 45. Kc4 g1=Q 0-1


[Site "https://www.chess.com"]

[Event "Titled Tuesday Blitz April 25 Late 2023"]
[White "Bruedigam, Martin"]
[Black "Le Goff, Ronan"]
[WhiteFideId "24608033"]
[BlackFideId "612073"]
[WhiteElo "2331"]
[BlackElo "2275"]
[Result "1-0"]
[Round "05"]
[TimeControl "180+2"]
[Date "2023.04.25"]
[WhiteClock "0:00:57"]
[BlackClock "0:00:48"]

1. d4 Nf6 2. c4 e6 3. Nc3 Bb4 4. Bd2 O-O 5. e3 b6 6. Nf3 Bb7 7. Bd3 d5 8. cxd5 exd5 9. Rc1 Re8 10. O-O a6 11. Ne5 Bxc3 12. Bxc3 Nbd7 13. Nf3 Ne4 14. Bb4 c5 15. dxc5 Ndxc5 16. Bb1 a5 17. Ba3 Rc8 18. b3 Qf6 19. Qd4 Qxd4 20. exd4 Ne6 21. Bb2 Nf4 22. Rxc8 Rxc8 23. g3 Ne2+ 24. Kg2 Ba6 25. Re1 N2c3 26. Bxc3 Rxc3 27. Ne5 h5 28. h4 g6 29. Nd7 Rc6 30. Nb8 Rf6 31. Bxe4 1-0


[Site "https://www.chess.com"]

[Event "Titled Tuesday Blitz April 25 Late 2023"]
[White "Fernandez Siles, Luis"]
[Black "Di Berardino, Diego Rafael"]
[WhiteFideId "2209420"]
[BlackFideId "2105446"]
[WhiteElo "2195"]
[BlackElo "2432"]
[Result "0-1"]
[Round "05"]
[TimeControl "180+2"]
[Date "2023.04.25"]
[WhiteClock "0:00:08"]
[BlackClock "0:00:11"]

1. e4 Nf6 2. Nc3 d5 3. e5 Nfd7 4. e6 fxe6 5. d4 Nc6 6. f4 g6 7. Nf3 Bg7 8. h4 Nf6 9. h5 Nxh5 10. Rxh5 gxh5 11. Ne5 Nxe5 12. fxe5 c6 13. Qxh5+ Kd7 14. Be3 Qe8 15. Qh3 Kc7 16. Be2 Qg6 17. O-O-O h5 18. Rf1 Bd7 19. Rf3 Bh6 20. Nd1 Raf8 21. Rxf8 Rxf8 22. Qxh5 Qxh5 23. Bxh5 Bxe3+ 24. Nxe3 Be8 25. Bg4 Kd7 26. Bf3 Bg6 27. c3 Rh8 28. Kd2 a5 29. Ke2 a4 30. Kf2 Rh1 31. Nf1 Bd3 32. Be2 Bxe2 33. Kxe2 Ke8 34. Kf2 Kf7 35. g4 Kg6 36. Kg2 Rh4 37. Kg3 Kg5 38. Nh2 Rxh2 39. Kxh2 Kxg4 40. Kg2 Kf4 41. Kf2 Ke4 42. Ke2 b6 43. b3 axb3 44. axb3 c5 45. dxc5 bxc5 46. b4 cxb4 47. cxb4 Kxe5 48. b5 Kd6 0-1


[Site "https://www.chess.com"]

[Event "Titled Tuesday Blitz April 25 Late 2023"]
[White "Gurevich, Dmitry"]
[Black "Schnaider, Ilan"]
[WhiteFideId "2000407"]
[BlackFideId "169013"]
[WhiteElo "2506"]
[BlackElo "2224"]
[Result "0-1"]
[Round "05"]
[TimeControl "180+2"]
[Date "2023.04.25"]
[WhiteClock "0:00:01"]
[BlackClock "0:00:02"]

1. d4 Nf6 2. c4 g6 3. Nc3 d5 4. Nf3 Bg7 5. cxd5 Nxd5 6. Bd2 c5 7. Rc1 O-O 8. dxc5 Nc6 9. e3 Ndb4 10. a3 Nd3+ 11. Bxd3 Qxd3 12. Qe2 Bf5 13. e4 Qxe2+ 14. Kxe2 Bg4 15. Be3 Na5 16. b4 Nc4 17. Nd5 Nxe3 18. Nxe3 Bd7 19. Nc4 Bb5 20. Rc2 a5 21. Rb1 Rfd8 22. g4 axb4 23. axb4 Ra2 24. Rxa2 Bxc4+ 25. Ke3 Bxa2 26. Rc1 h5 27. g5 f6 28. h4 fxg5 29. hxg5 Be6 30. b5 Bg4 31. c6 bxc6 32. bxc6 Bxf3 33. Kxf3 Kf7 34. Ke3 Ke6 35. f4 Rc8 36. e5 Bxe5 37. fxe5 Kxe5 38. c7 Kd6 39. Rd1+ Ke6 40. Rc1 Kd7 41. Rd1+ Kxc7 42. Ke4 Rf8 43. Ke5 Rf5+ 44. Ke6 Rxg5 45. Kxe7 Rg3 46. Rh1 Kc6 47. Kf6 Kd5 48. Rh4 Rg4 49. Rh3 Ke4 50. Rh1 Kf4 51. Rh3 Rg3 52. Rh1 Rg4 53. Rh3 Ke4 54. Rh1 Kf3 55. Rh3+ Kg2 56. Ra3 h4 57. Ke5 h3 58. Ra2+ Kh1 59. Ra1+ Rg1 60. Ra2 h2 61. Kf4 Rf1+ 62. Kg3 Rb1 63. Rxh2+ Kg1 64. Rg2+ Kf1 65. Rf2+ Ke1 66. Rf6 Rb3+ 67. Kg4 Rb4+ 68. Kg5 Rb2 69. Kxg6 Rg2+ 70. Kf7 Kd2 71. Rf4 Ke3 72. Rh4 Ra2 73. Ke7 Ra7+ 74. Ke6 Kf3 75. Rb4 Ra6+ 76. Ke5 Ra5+ 77. Ke6 Ke3 78. Rh4 Kf3 0-1


[Site "https://www.chess.com"]

[Event "Titled Tuesday Blitz April 25 Late 2023"]
[White "Prydun, Andriy"]
[Black "Leenhouts, Koen"]
[WhiteFideId "14145898"]
[BlackFideId "1008439"]
[WhiteElo "2164"]
[BlackElo "2409"]
[Result "1/2-1/2"]
[Round "05"]
[TimeControl "180+2"]
[Date "2023.04.25"]
[WhiteClock "0:00:05"]
[BlackClock "0:00:10"]

1. e4 e5 2. Nf3 Nc6 3. c3 d5 4. Qa4 Bd7 5. exd5 Nd4 6. Qd1 Nxf3+ 7. Qxf3 Nf6 8. Bc4 e4 9. Qd1 Bd6 10. h3 Qe7 11. Na3 O-O 12. Nc2 b5 13. Bb3 a5 14. a4 bxa4 15. Ba2 Rab8 16. Ne3 Rfe8 17. Bb1 c6 18. dxc6 Bxc6 19. Bc2 Nd5 20. Bxa4 Bxa4 21. Nxd5 Qe5 22. Qxa4 Qxd5 23. Qxa5 Qc6 24. Qa6 Qd7 25. O-O h5 26. Ra5 Re6 27. Qe2 g6 28. Rd5 Bh2+ 29. Kxh2 Qxd5 30. b4 Qd3 31. Re1 Rc8 32. Qxd3 exd3 33. Rxe6 fxe6 34. Bb2 Rc4 35. Kg3 Kf7 36. Kf3 e5 37. Ke3 e4 38. f3 exf3 39. Kxf3 Ke6 40. Ke3 Kd5 41. Kxd3 Rf4 42. Ke2 Kc4 43. d3+ Kb3 44. Bc1 Rf7 45. c4 Kxb4 46. Be3 Kc3 47. c5 Ra7 48. d4 Ra2+ 49. Kf3 Kc4 50. Bf2 Kd5 51. g4 Ra3+ 52. Kg2 hxg4 53. hxg4 Rc3 54. Kh2 Ke4 55. Kg2 Rc2 56. Kg3 Rc3+ 57. Kg2 Rc4 58. Kg3 Rc3+ 59. Kg2 1/2-1/2


[Site "https://www.chess.com"]

[Event "Titled Tuesday Blitz April 25 Late 2023"]
[White "ArtemDyachuk"]
[Black "Ibadov, Dashgyn"]
[BlackFideId "24107514"]
[WhiteElo "2440"]
[BlackElo "2208"]
[Result "0-1"]
[Round "05"]
[TimeControl "180+2"]
[Date "2023.04.25"]
[WhiteClock "0:00:01"]
[BlackClock "0:00:42"]

1. Nf3 d5 2. e3 Nf6 3. c4 e6 4. b3 Be7 5. Bb2 O-O 6. Be2 b6 7. O-O Bb7 8. Nc3 c5 9. cxd5 Nxd5 10. Qc2 Nxc3 11. Bxc3 Nd7 12. Rfd1 Rc8 13. Rac1 Bf6 14. Bb5 Qe7 15. Qb2 Bxf3 16. gxf3 Bxc3 17. Qxc3 Rfd8 18. Kh1 Qh4 19. Rg1 Nf6 20. Rg3 Rd5 21. Rcg1 g6 22. Bf1 Kg7 23. Rh3 Qxf2 24. Bc4 Rxd2 25. Qe5 Rcd8 26. Qa1 Rxa2 27. Qe5 Rad2 28. Qa1 Qxe3 0-1


[Site "https://www.chess.com"]

[Event "Titled Tuesday Blitz April 25 Late 2023"]
[White "Rangel, Daniel"]
[Black "Ismagilov, Damir"]
[WhiteFideId "2124475"]
[BlackFideId "34199982"]
[WhiteElo "2256"]
[BlackElo "2078"]
[Result "0-1"]
[Round "05"]
[TimeControl "180+2"]
[Date "2023.04.25"]
[WhiteClock "0:00:01"]
[BlackClock "0:00:11"]

1. c4 e6 2. e4 d5 3. cxd5 exd5 4. exd5 Nf6 5. Nc3 Bd6 6. d4 O-O 7. Bd3 Nbd7 8. Nge2 Nb6 9. Nf4 Re8+ 10. Kf1 Bxf4 11. Bxf4 Nbxd5 12. Bd2 Nb4 13. Bb1 Qxd4 14. Be3 Qc4+ 15. Kg1 Bg4 16. Qf1 Qxf1+ 17. Kxf1 Rad8 18. h3 Be6 19. a3 Nd3 20. Bxd3 Rxd3 21. Kg1 b6 22. Kh2 Bb3 23. Nb5 c5 24. Nxa7 Ba4 25. b3 Rxb3 26. Rhb1 Rxb1 27. Rxb1 Ra8 28. Nb5 Bxb5 29. Rxb5 Nd5 30. Bc1 Kf8 31. Rb3 Ke7 32. Rg3 g6 33. Rd3 Kd6 34. Kg3 f5 35. Kh4 c4 36. Rd1 b5 37. Kg5 Ra7 38. h4 c3 39. h5 gxh5 40. Kxf5 Kc5 41. Kg5 Kc4 42. Kxh5 Rf7 43. Rf1 Nf4+ 44. Kg4 Nd3 45. Be3 c2 46. f4 Re7 47. Kf3 Rxe3+ 48. Kxe3 c1=Q+ 49. Rxc1+ Nxc1 50. Ke4 Nd3 51. g4 Nc5+ 52. Ke5 Kb3 53. f5 Kxa3 54. g5 b4 55. g6 hxg6 56. fxg6 Nd7+ 57. Ke6 Nf8+ 58. Kf6 Nxg6 0-1


[Site "https://www.chess.com"]

[Event "Titled Tuesday Blitz April 25 Late 2023"]
[White "Lenaerts, Lennert"]
[Black "Sliwicki, Damian"]
[WhiteFideId "211435"]
[BlackFideId "1127128"]
[WhiteElo "2334"]
[BlackElo "2030"]
[Result "1-0"]
[Round "05"]
[TimeControl "180+2"]
[Date "2023.04.25"]
[WhiteClock "0:01:07"]
[BlackClock "0:00:04"]

1. d4 Nf6 2. c4 e6 3. Nc3 d5 4. cxd5 exd5 5. Bg5 Be7 6. e3 O-O 7. Bd3 Nbd7 8. Qc2 h6 9. Bh4 b6 10. Nf3 Bb7 11. O-O Ne4 12. Bxe7 Qxe7 13. Rac1 Nxc3 14. Qxc3 c5 15. dxc5 bxc5 16. Bb5 Rac8 17. Qa3 a6 18. Bxd7 Qxd7 19. Rxc5 Qd6 20. Rfc1 Rxc5 21. Rxc5 d4 22. Nxd4 Qg6 23. f3 Re8 24. Rc1 Qg5 25. Re1 Rc8 26. Qd3 Qa5 27. Ra1 Bd5 28. a3 Bc4 29. Qc2 Be6 30. Qf2 Bd7 31. b4 Qa4 32. Qb2 f6 33. Rc1 Re8 34. Kf2 Bc8 35. Qb3+ Qxb3 36. Nxb3 Rd8 37. Nd4 Bb7 38. a4 Rb8 39. b5 axb5 40. axb5 Bd5 41. Rb1 Rb6 42. e4 Bc4 43. Ke3 Kf7 44. Kd2 Ke7 45. Kc3 Bf7 46. Nf5+ Kd7 47. Nxg7 Kd6 48. Nf5+ Kc5 49. Nxh6 Bc4 50. Nf5 Bxb5 51. Nd4 1-0


[Site "https://www.chess.com"]

[Event "Titled Tuesday Blitz April 25 Late 2023"]
[White "Mazurkiewicz, Michal"]
[Black "Martinez Reyes, Pedro Ramon"]
[WhiteFideId "1124943"]
[BlackFideId "3901807"]
[WhiteElo "2054"]
[BlackElo "2340"]
[Result "0-1"]
[Round "05"]
[TimeControl "180+2"]
[Date "2023.04.25"]
[WhiteClock "0:00:01"]
[BlackClock "0:00:10"]

1. e4 Nc6 2. d3 e5 3. Nf3 Nf6 4. g3 d5 5. exd5 Nxd5 6. Bg2 Bd6 7. O-O O-O 8. Nc3 Nxc3 9. bxc3 Bg4 10. h3 Bh5 11. Rb1 Rb8 12. Qe1 Re8 13. Nd2 Qd7 14. Nc4 Bf8 15. Qe4 Bg6 16. Qd5 Qc8 17. Re1 Rd8 18. Qf3 f6 19. Be3 Bf7 20. Qg4 Be6 21. Qh4 Ne7 22. Bxa7 Ra8 23. Bxb7 Qd7 24. Bxa8 Rxa8 25. Be3 g6 26. Bd2 g5 27. Qe4 Bd5 28. Qg4 Be6 29. Qe4 Rxa2 30. Ne3 Ra4 31. c4 Bxh3 32. Rb8 Be6 33. Reb1 Ng6 34. Bb4 f5 35. Qg2 Rxb4 36. R1xb4 Kf7 37. Nd5 Bc5 38. R4b5 Bd6 39. Ra8 Qc6 40. Rbb8 h5 41. Ne3 Qxg2+ 42. Kxg2 f4 43. Nd5 g4 44. f3 h4 45. gxf4 h3+ 46. Kh2 gxf3 47. fxe5 Bxe5+ 48. Kg1 Bd4+ 49. Kh2 f2 50. Ra7 Bxa7 51. Rb7 f1=Q 52. Rxc7+ Kg8 53. Rxa7 Qg2# 0-1


[Site "https://www.chess.com"]

[Event "Titled Tuesday Blitz April 25 Late 2023"]
[White "Olsson, William"]
[Black "Zeynalli, Rashad"]
[WhiteFideId "1741721"]
[BlackFideId "13403320"]
[WhiteElo "2197"]
[BlackElo "2125"]
[Result "0-1"]
[Round "05"]
[TimeControl "180+2"]
[Date "2023.04.25"]
[WhiteClock "0:00:04"]
[BlackClock "0:00:14"]

1. c4 e6 2. Nf3 Nf6 3. g3 d5 4. Bg2 Be7 5. O-O O-O 6. d4 dxc4 7. Qc2 b5 8. a4 b4 9. Ne5 Qxd4 10. Bxa8 Qxe5 11. Qxc4 Ba6 12. Qf4 Qxe2 13. Nd2 Nd5 14. Bxd5 exd5 15. Qxc7 Bg5 16. Qc2 Rc8 17. Qd1 Nc6 18. Re1 Qxd1 19. Rxd1 Be2 20. Re1 Nd4 21. Kg2 Nc2 22. Rxe2 Nxa1 23. Nb3 Nxb3 24. Bxg5 f6 25. Be3 Re8 26. Kf3 d4 27. Bf4 Rxe2 28. Kxe2 Nc5 29. Bd6 Nxa4 30. Bxb4 Nxb2 31. Bc5 d3+ 32. Kd2 a5 33. Bd4 Nc4+ 34. Kxd3 Nd6 35. Bc5 Nb7 36. Ba3 Kf7 37. Kc4 Ke6 38. Kb5 Kd5 39. Kb6 Nd6 40. Bxd6 Kxd6 41. Kxa5 Kc5 42. Ka4 Kc4 43. Ka3 Kd3 44. f4 Ke2 45. Kb4 Kf2 46. Kc4 Kg2 47. Kd4 Kxh2 48. g4 Kg3 49. g5 Kxf4 50. gxf6 gxf6 0-1


[Site "https://www.chess.com"]

[Event "Titled Tuesday Blitz April 25 Late 2023"]
[White "Martinez Ramirez, Lennis"]
[Black "Bashkansky, Ethan"]
[WhiteFideId "3509079"]
[BlackFideId "2071533"]
[WhiteElo "2410"]
[BlackElo "2101"]
[Result "0-1"]
[Round "05"]
[TimeControl "180+2"]
[Date "2023.04.25"]
[WhiteClock "0:00:03"]
[BlackClock "0:00:03"]

1. c4 f5 2. Nc3 Nf6 3. d4 g6 4. g3 Bg7 5. Bg2 O-O 6. Nf3 Nc6 7. O-O d6 8. d5 Na5 9. Qd3 c5 10. Bd2 a6 11. Ng5 Rb8 12. e4 b5 13. cxb5 axb5 14. Ne6 Bxe6 15. dxe6 b4 16. Nd5 Nxd5 17. exd5 Bxb2 18. Rab1 Bg7 19. Qe2 Qb6 20. h4 h6 21. Kh2 Qb5 22. Qd1 Nc4 23. Bc1 Ra8 24. Qc2 Na3 25. Bxa3 Rxa3 26. Rb3 Qa4 27. h5 Rxa2 28. Qd3 Ra3 29. Rfb1 Rxb3 30. Rxb3 Rc8 31. Qc4 Qa1 32. hxg6 Ra8 33. Rf3 Qf6 34. Bh3 Qxg6 35. Bxf5 Qg5 36. Kg2 Rf8 37. Qe4 Kh8 38. Rf4 Be5 39. Rf3 b3 40. g4 b2 41. Rb3 Rxf5 42. Qxf5 Qxf5 43. gxf5 Kg7 44. Kf3 Kf6 45. Ke4 Bd4 46. f4 h5 0-1


[Site "https://www.chess.com"]

[Event "Titled Tuesday Blitz April 25 Late 2023"]
[White "Hoffmann, Asa"]
[Black "Ozates, Tuna"]
[WhiteFideId "2001470"]
[BlackFideId "6354521"]
[WhiteElo "2117"]
[BlackElo "2151"]
[Result "0-1"]
[Round "05"]
[TimeControl "180+2"]
[Date "2023.04.25"]
[WhiteClock "0:01:05"]
[BlackClock "0:00:50"]

1. d4 f5 2. Nc3 Nf6 3. Bg5 d5 4. f3 Nbd7 5. e4 dxe4 6. Bc4 h6 7. Bh4 g5 8. Bf2 Bg7 9. fxe4 fxe4 10. Nge2 Nb6 11. Bb3 Bg4 12. h3 Bh5 13. Qd2 Qd7 14. g4 Bg6 15. O-O-O O-O-O 16. Bg3 e6 17. Rhf1 Nfd5 18. Be5 e3 19. Qe1 Bxe5 20. dxe5 Qc6 21. Nd4 Qe8 22. Nce2 c5 23. Nf5 exf5 24. gxf5 Bh5 25. Qa5 Bxe2 26. Qxc5+ Kb8 27. f6 Bxf1 28. Rxf1 e2 29. Re1 Qxe5 30. f7 Qe3+ 31. Kb1 Qxc5 0-1


[Site "https://www.chess.com"]

[Event "Titled Tuesday Blitz April 25 Late 2023"]
[White "Liu, Casper"]
[Black "Krishnan, Varun"]
[WhiteFideId "1454153"]
[BlackFideId "5054508"]
[WhiteElo "2221"]
[BlackElo "2341"]
[Result "1-0"]
[Round "05"]
[TimeControl "180+2"]
[Date "2023.04.25"]
[WhiteClock "0:01:32"]
[BlackClock "0:00:04"]

1. e4 e5 2. Nf3 Nc6 3. d4 exd4 4. Nxd4 Nf6 5. Nxc6 bxc6 6. e5 Qe7 7. Qe2 Nd5 8. c4 Ba6 9. Qe4 Nf6 10. Qe2 Nd5 11. Qe4 Qb4+ 12. Nd2 Nb6 13. a3 Qe7 14. b4 d5 15. exd6 Qxe4+ 16. Nxe4 cxd6 17. c5 Bxf1 18. Kxf1 dxc5 19. bxc5 Nd5 20. Bb2 Rb8 21. Be5 Rb3 22. g3 f6 23. Bd4 Rd3 24. Bb2 f5 25. Nd6+ Bxd6 26. cxd6 Kf7 27. Rc1 Rd2 28. Be5 Re8 29. d7 Rxe5 30. d8=Q Ne3+ 31. fxe3 Rxd8 32. Ke2 Rd6 33. Rc3 g6 34. Rhc1 Ra5 35. Rxc6 Rxc6 36. Rxc6 Rxa3 37. Rc7+ Kg8 38. Kf3 a5 39. Ra7 h6 40. Kf4 Ra4+ 41. Ke5 Re4+ 42. Kf6 Rxe3 43. Kxg6 Re6+ 44. Kxf5 Re2 45. Kg6 Kf8 46. h4 Re6+ 47. Kf5 Re3 48. g4 Ra3 49. h5 Ra4 50. Ra6 Kg7 51. Rg6+ Kh7 52. Ra6 Ra1 53. Ra7+ Kg8 54. Kg6 Kf8 55. Kxh6 a4 56. g5 a3 57. g6 a2 58. g7+ Kg8 59. Ra8+ 1-0


[Site "https://www.chess.com"]

[Event "Titled Tuesday Blitz April 25 Late 2023"]
[White "Bustamante Orta, Jorge"]
[Black "Bueno, Alfeu Junior Varela"]
[WhiteFideId "5121710"]
[BlackFideId "2108879"]
[WhiteElo "2165"]
[BlackElo "2175"]
[Result "1-0"]
[Round "05"]
[TimeControl "180+2"]
[Date "2023.04.25"]
[WhiteClock "0:00:07"]
[BlackClock "0:00:02"]

1. b3 d5 2. Bb2 Nf6 3. Nf3 c5 4. e3 Bg4 5. h3 Bh5 6. Bb5+ Nbd7 7. g4 Bg6 8. g5 Ne4 9. Ne5 Bf5 10. Qf3 g6 11. Nxd7 Bxd7 12. Bxd7+ Qxd7 13. Bxh8 Nxg5 14. Qg4 f6 15. Qxd7+ Kxd7 16. h4 Nf3+ 17. Ke2 Ne5 18. h5 gxh5 19. Rxh5 h6 20. Nc3 Ke6 21. f4 Nf7 22. Nxd5 Rd8 23. Bxf6 exf6 24. c4 Nd6 25. Rg1 Ne4 26. d3 Nd6 27. Rg6 Ne8 28. e4 Kf7 29. Rg2 Nd6 30. e5 Ne8 31. Kf3 Bg7 32. Ke4 Rd7 33. a3 b6 34. b4 cxb4 35. axb4 Bf8 36. Kf5 fxe5 37. fxe5 Nc7 38. Nxc7 Rxc7 39. b5 Rd7 40. Ke4 Re7 41. Rf5+ Ke8 42. Rg8 Rf7 43. Rxf7 Kxf7 44. Rg2 Bc5 45. d4 Be7 46. d5 h5 47. Kf5 h4 48. d6 Bd8 49. e6+ 1-0


[Site "https://www.chess.com"]

[Event "Titled Tuesday Blitz April 25 Late 2023"]
[White "Skibbe, Willi"]
[Black "Liu, Eric"]
[WhiteFideId "4682190"]
[BlackFideId "30960240"]
[WhiteElo "2176"]
[BlackElo "2094"]
[Result "0-1"]
[Round "05"]
[TimeControl "180+2"]
[Date "2023.04.25"]
[WhiteClock "0:00:02"]
[BlackClock "0:01:45"]

1. d4 b6 2. e4 Bb7 3. Nd2 e6 4. Ngf3 h5 5. Bd3 h4 6. h3 d5 7. e5 g6 8. Nf1 Be7 9. Ne3 Nh6 10. Ng4 Nf5 11. Bf4 c5 12. c3 Nc6 13. Bxf5 gxf5 14. Ne3 Ba6 15. Qa4 Qc8 16. Bg5 cxd4 17. cxd4 Bb4+ 18. Nd2 b5 19. Qd1 Nxd4 20. O-O Rg8 21. f4 Nc6 22. Rc1 Qd7 23. Nf3 Ba5 24. Kh2 Bb6 25. Nc2 d4 26. Qd3 Qb7 27. Ncxd4 b4 28. Nb5 Bxb5 29. Qxb5 Bg1+ 30. Nxg1 Qxb5 31. Nf3 Kd7 32. Rfd1+ Ke8 33. Rd6 Ne7 34. Rc7 Nd5 35. Rcd7 Qxd7 36. Rxd7 Kxd7 37. Nd4 f6 38. Nb5 fxg5 0-1


[Site "https://www.chess.com"]

[Event "Titled Tuesday Blitz April 25 Late 2023"]
[White "Bilan, Danila"]
[Black "Rodriguez Santiago, Jaime"]
[WhiteFideId "24161918"]
[BlackFideId "3100898"]
[WhiteElo "2182"]
[BlackElo "2025"]
[Result "1-0"]
[Round "05"]
[TimeControl "180+2"]
[Date "2023.04.25"]
[WhiteClock "0:00:13"]
[BlackClock "0:00:15"]

1. d4 Nf6 2. Nf3 e6 3. g3 d5 4. Bg2 c5 5. O-O Nc6 6. c4 dxc4 7. Qa4 Bd7 8. Qxc4 b5 9. Qb3 a6 10. Rd1 c4 11. Qc2 Rc8 12. Ne5 Be7 13. Nc3 O-O 14. a4 Nb4 15. Qb1 h6 16. axb5 axb5 17. Ra7 Be8 18. Bf4 Bd6 19. e4 Bb8 20. Ra1 Qb6 21. Be3 Nd7 22. Nxd7 Bxd7 23. d5 Qb7 24. dxe6 Bxe6 25. e5 Qe7 26. f4 Nd3 27. Ne4 Bd5 28. Rxd3 cxd3 29. Qxd3 Bc4 30. Qb1 Rfd8 31. Qe1 Bc7 32. Qf2 Bb8 33. h4 Be6 34. Kh2 h5 35. Ng5 Bg4 36. Bf3 g6 37. Bxg4 hxg4 38. Qe2 Kg7 39. Qxg4 Rh8 40. Qe2 Rh5 41. Rd1 Rch8 42. Bd4 Kh6 43. e6 f6 44. Nf7+ Kg7 45. Nxh8 Rxh8 46. Qxb5 Bd6 47. Qd7 Qxd7 48. exd7 Rd8 49. Bxf6+ Kxf6 50. Rxd6+ Ke7 51. Rd2 Kf6 52. Kh3 Kf5 53. b4 Kf6 54. b5 Kg7 55. b6 Kf7 56. b7 Ke7 57. Kg4 Rb8 58. d8=Q+ Rxd8 59. Rxd8 Kxd8 60. b8=Q+ Ke7 61. Qe5+ Kf7 62. Qc7+ 1-0


[Site "https://www.chess.com"]

[Event "Titled Tuesday Blitz April 25 Late 2023"]
[White "Novikov, Evgenij"]
[Black "Gonzalez, Francisco Silva"]
[WhiteFideId "4125380"]
[BlackFideId "1512285"]
[WhiteElo "2242"]
[BlackElo "2074"]
[Result "0-1"]
[Round "05"]
[TimeControl "180+2"]
[Date "2023.04.25"]
[WhiteClock "0:00:04"]
[BlackClock "0:01:41"]

1. e4 e5 2. Nf3 Nc6 3. Bc4 Bc5 4. d4 Bxd4 5. Nxd4 Nxd4 6. f4 d6 7. O-O Nf6 8. fxe5 dxe5 9. Bg5 Qe7 10. c3 Ne6 11. Bxe6 Bxe6 12. Bxf6 gxf6 13. Qf3 O-O-O 14. Qxf6 Qc5+ 15. Qf2 Qxf2+ 16. Kxf2 Rd3 17. Re1 Rg8 18. g3 Bg4 19. Re3 Rd1 20. Re1 Rgd8 21. Na3 R1d2+ 22. Kg1 Bh3 23. Nc4 Rg2+ 24. Kh1 b5 25. Nxe5 Rdd2 26. Nf3 Rxb2 27. Rg1 Rgf2 28. Ng5 Rxh2# 0-1


[Site "https://www.chess.com"]

[Event "Titled Tuesday Blitz April 25 Late 2023"]
[White "Korkmaz, Necmettin"]
[Black "Tsyhanchuk, Stanislav"]
[WhiteFideId "6303285"]
[BlackFideId "13505130"]
[WhiteElo "2097"]
[BlackElo "2173"]
[Result "0-1"]
[Round "05"]
[TimeControl "180+2"]
[Date "2023.04.25"]
[WhiteClock "0:00:26"]
[BlackClock "0:00:17"]

1. e4 c5 2. Nc3 Nc6 3. f4 g6 4. Nf3 Bg7 5. Bb5 Nd4 6. O-O Nxb5 7. Nxb5 a6 8. Nc3 e6 9. e5 d5 10. d4 cxd4 11. Nxd4 Ne7 12. Be3 O-O 13. Qe1 b5 14. Rd1 f6 15. exf6 Bxf6 16. Nce2 Qc7 17. c3 Bd7 18. Nb3 Rae8 19. Bd4 e5 20. fxe5 Bxe5 21. Bxe5 Qxe5 22. Ned4 Rxf1+ 23. Qxf1 Nf5 24. Nxf5 Bxf5 25. Nd4 Bg4 26. Rd2 Qe3+ 27. Qf2 Qe7 28. h3 Rf8 29. Qg3 Bh5 30. Nc6 Qf6 31. Rxd5 Qxc6 32. Rxh5 Qb6+ 33. Kh2 Rf1 34. h4 Qg1+ 35. Kh3 Qh1+ 36. Kg4 gxh5+ 37. Kxh5+ Kf7 38. Qc7+ Kf6 39. Qd6+ Kf5 40. Qd5+ Kf4 41. Qd4+ Kg3 42. Qg4+ Kh2 43. Qh3+ Kg1 44. Qe3+ Kxg2 45. Qg5+ Kh2 46. Qe5+ Kg1 47. Qe3+ Rf2 48. Qc1+ Kg2 49. Qg5+ Kf1 50. Qc1+ Kg2 51. Qg5+ Kh2 52. Qe5+ Kh3 53. Qe6+ Kg2 54. Qg4+ Kf1 55. Qd1+ Kg2 56. Qg4+ Kh2 57. Qd4 Qf3+ 58. Kg5 Qg3+ 59. Kh6 Qf4+ 0-1


[Site "https://www.chess.com"]

[Event "Titled Tuesday Blitz April 25 Late 2023"]
[White "Erdogan, Anil Berk"]
[Black "Smith, Garrett L"]
[WhiteFideId "6348173"]
[BlackFideId "2024829"]
[WhiteElo "2007"]
[BlackElo "2047"]
[Result "1/2-1/2"]
[Round "05"]
[TimeControl "180+2"]
[Date "2023.04.25"]
[WhiteClock "0:00:18"]
[BlackClock "0:00:28"]

1. e4 c5 2. Nf3 Nc6 3. d4 cxd4 4. Nxd4 e5 5. Nb5 d6 6. N1c3 a6 7. Na3 Be7 8. Nd5 Nf6 9. Nxf6+ Bxf6 10. Bc4 O-O 11. O-O Be6 12. Bd5 Rc8 13. c4 Qd7 14. Nc2 Ne7 15. Ne3 Bg5 16. b3 b5 17. Bxe6 fxe6 18. cxb5 axb5 19. Qg4 h6 20. Nd5 Nxd5 21. exd5 Rf5 22. Bxg5 Rxg5 23. Qxe6+ Qxe6 24. dxe6 Kf8 25. f4 exf4 26. Rxf4+ Ke7 27. Re1 Rc2 28. g3 Re5 29. Rf7+ Kxe6 30. Rxe5+ dxe5 31. Rxg7 Rxa2 32. Rb7 Kf5 33. Rxb5 Ke4 34. Rb6 Rb2 35. Rxh6 Rxb3 36. Kg2 Rb2+ 37. Kh3 Kf5 38. Rh5+ Kf6 39. Rh4 Kf5 40. Ra4 e4 41. Ra5+ Kf6 42. Ra4 Kf5 43. Ra5+ Kf6 44. Rc5 e3 45. Rc3 Re2 46. Kg4 Ke5 47. h4 Kd4 48. Rc8 Rh2 49. Rd8+ Kc3 50. Re8 e2 51. Kg5 Kd2 52. h5 Rh3 53. g4 Re3 54. Rd8+ Kc2 55. Rc8+ Kb2 56. Rb8+ Kc2 57. Rc8+ Kb2 58. Rb8+ Kc2 59. Rc8+ 1/2-1/2


[Site "https://www.chess.com"]

[Event "Titled Tuesday Blitz April 25 Late 2023"]
[White "Kepeshchuk, Mykhaylo"]
[Black "Garmash, Aliona"]
[WhiteFideId "14113139"]
[BlackFideId "34127620"]
[WhiteElo "2279"]
[BlackElo "1959"]
[Result "1-0"]
[Round "05"]
[TimeControl "180+2"]
[Date "2023.04.25"]
[WhiteClock "0:00:24"]
[BlackClock "0:00:09"]

1. d4 d5 2. c4 c6 3. Nf3 Nf6 4. g3 Bf5 5. Bg2 e6 6. O-O Nbd7 7. Nc3 h6 8. Re1 Be7 9. Nd2 O-O 10. e4 dxe4 11. Ndxe4 Nxe4 12. Nxe4 Nf6 13. Nc5 Qb6 14. Qb3 Rad8 15. Nxb7 Rb8 16. Qxb6 axb6 17. Bxc6 Rfc8 18. Bf4 Ra8 19. Bg2 g5 20. Bd6 Kf8 21. c5 bxc5 22. dxc5 Ra7 23. b4 Ne8 24. Bxe7+ Kxe7 25. a4 Bc2 26. a5 Bd3 27. c6 Bb5 28. Rec1 Ra6 29. Nc5 Ra7 30. Nd7 Ra6 31. Nb6 Rc7 32. Rc5 Bd3 33. b5 Raa7 34. Nc4 1-0


[Site "https://www.chess.com"]

[Event "Titled Tuesday Blitz April 25 Late 2023"]
[White "Dylag, Emilia"]
[Black "Kuzmin, Roman"]
[WhiteFideId "21805172"]
[BlackFideId "44134932"]
[WhiteElo "1878"]
[BlackElo "2192"]
[Result "0-1"]
[Round "05"]
[TimeControl "180+2"]
[Date "2023.04.25"]
[WhiteClock "0:00:55"]
[BlackClock "0:01:38"]

1. d4 Nf6 2. c4 e6 3. g3 d5 4. Bg2 Be7 5. Nf3 O-O 6. Qc2 Nbd7 7. O-O c6 8. Nbd2 b6 9. e4 dxc4 10. Nxc4 Bb7 11. Rd1 c5 12. Nfe5 cxd4 13. Rxd4 Bc5 14. Rd1 Qe7 15. Bg5 Nxe5 16. Nxe5 Rfd8 17. a3 h6 18. Bxf6 Qxf6 19. Nd7 Qe7 20. Nxc5 Rxd1+ 21. Rxd1 Rc8 22. Qa4 Qxc5 23. Qxa7 Bc6 24. Qa6 Bb5 25. Qa7 Qc2 26. Re1 Qd2 27. Rb1 Rc1+ 0-1


[Site "https://www.chess.com"]